 Dungeon Crawl Stone Soup version 0.30-a0-6-g7c9e10e132 (webtiles) character file.

Game seed: 16956102536924469732

23 nickcage the Cudgeller (level 2, -3/22 HPs)
             Began as a Demonspawn Gladiator on Aug 22, 2022.
             Was a Follower of Uskayaw.
             Succumbed to Crazy Yiuf's poison
             ... on level 2 of the Dungeon.
             The game lasted 00:02:24 (925 turns).

nickcage the Cudgeller (Demonspawn Gladiator)        Turns: 925, Time: 00:02:24

Health: -3/22      AC:  8    Str: 14    XL:     2   Next: 72%
Magic:  2/2        EV: 11    Int:  9    God:    Uskayaw [*.....]
Gold:   13         SH:  0    Dex: 14    Spells: 1/1 levels left

rFire   . . .      SeeInvis .    a - +0 flail
rCold   . . .      Faith    .    (no shield)
rNeg    . . .      Spirit   .    i - +0 ring mail
rPois   .          Reflect  .    c - +0 helmet
rElec   .          Harm     .    g - +0 cloak
rCorr   +          Rampage  .    (no gloves)
Will    .....                    j - +0 pair of boots
Stlth   +.........               (no amulet)
HPRegen 0.07/turn                f - ring of resist corrosion
MPRegen 0.08/turn                (no ring)

@: lethally poisoned (-3 -> -36)
A: foul stench 1
a: Renounce Religion, Stomp


You were on level 2 of the Dungeon.
You worshipped Uskayaw.
Uskayaw was noncommittal.
You visited 1 branch of the dungeon, and saw 2 of its levels.

You collected 13 gold pieces.

Inventory:

Hand Weapons
 a - a +0 flail (weapon)
Missiles
 d - 3 throwing nets (quivered)
 e - a javelin
Armour
 b - a +0 leather armour
 c - a +0 helmet (worn)
 g - a +0 cloak (worn)
 i - a +0 ring mail (worn)
 j - a +0 pair of boots (worn)
Jewellery
 f - a ring of resist corrosion (left hand)
Scrolls
 h - a scroll of brand weapon {unknown}
 k - a scroll of identify {unknown}
Potions
 l - a potion of degeneration {unknown}


   Skills:
 - Level 2.0 Fighting
 + Level 3.7 Maces & Flails
 - Level 1.7 Throwing
 - Level 2.6 Dodging


You had one spell level left.
You didn't know any spells.
Your spell library was empty.

Dungeon Overview and Level Annotations

Branches:
Dungeon (2/15)

Altars:
Uskayaw

Annotations:
D:2 Crazy Yiuf


Innate Abilities, Weirdness & Mutations

You may rarely emit foul miasma when damaged in melee.


Message History

Found a scroll labelled WACSEXUOMI.
The hobgoblin hits you but does no damage.
You sock the hobgoblin!
You kill the hobgoblin!
You can now pass through a line of other dancers.
No target in view!
You see here a hobgoblin corpse.
k - a scroll labelled WACSEXUOMI
l - a green potion A rat comes into view.
You hit the rat.
You kill the rat!
No target in view!
You see here a rat corpse.
A ball python comes into view.
You closely miss the ball python. The ball python closely misses you.
The ball python misses you.
You hit the ball python.
The ball python is moderately wounded.
The ball python bites you but does no damage.
The ball python closely misses you. The ball python bites you.
The ball python grabs you. The ball python constricts you.
You sock the ball python!
You kill the ball python!
No target in view!
No target in view!
HP restored.
You see here a ball python corpse.
Found a hammer.
Found a runed translucent door.
Crazy Yiuf shouts!
Crazy Yiuf grits, "Walk sow senile!"
You open the door.
Crazy Yiuf drinks a potion.
Crazy Yiuf goes berserk!
You don't have enough magic capacity.
Crazy Yiuf hits you with a +4 quarterstaff of chaos!
Ouch! That really hurt!
* * * LOW HITPOINT WARNING * * *
You are lethally poisoned!
There is an open translucent door here.
You hit Crazy Yiuf but do no damage.
You die...

###.#########.#
#......†......#
#.#.######.####
##### #.# #.##
♣♣♣♣♣##..# ####
♣♣♣.♣....#.#
#...#♣..♣.......#
#..g@.♣♣♣♣......#
#)..#♣♣ ♣♣....##
#### ♣♣####


You could see Crazy Yiuf (berserk).

Vanquished Creatures
  2 ball pythons
  2 bats (D:1)
  2 endoplasms (D:1)
  3 giant cockroaches
  2 goblins (D:1)
  2 hobgoblins
  2 frilled lizards (D:1)
  3 kobolds (D:1)
  3 rats
21 creatures vanquished.

Notes
Turn   | Place    | Note
-------+----------+-------------------------------------------
     0 | D:1      | nickcage the Demonspawn Gladiator began the quest for the
                  | Orb.
     0 | D:1      | Reached XP level 1. HP: 16/16 MP: 1/1
   111 | D:1      | Found a faded altar of an unknown god.
   121 | D:1      | Prayed at the altar of an unknown god.
   121 | D:1      | Became a worshipper of Uskayaw the Reveller
   121 | D:1      | Reached * piety under Uskayaw
   129 | D:1      | Reached skill level 3 in Maces & Flails
   347 | D:1      | Reached ** piety under Uskayaw
   349 | D:1      | Gained mutation: You may rarely emit foul miasma when
                  | damaged in melee. [demonic ancestry]
   349 | D:1      | Reached XP level 2. HP: 22/22 MP: 2/2
   919 | D:2      | Found a runed translucent door.
   920 | D:2      | Noticed Crazy Yiuf
   925 | D:2      | Succumbed to Crazy Yiuf's poison

Illustrated notes

Levels and vault maps discovered:
D:1:      eino_arrival_water_cross, layout_rooms, ebering_ecumenical_altar_box,
          minmay_misc_feat_room, minmay_misc_feat_tower, minmay_3d_cube
D:2:      layout_basic, minmay_heptomino_h4, uniq_terence, uniq_robin,
          uniq_crazy_yiuf_cottage

Skill      XL: |  1 |
---------------+----+-----
Maces & Flails | 3 |  3.7
Fighting       | |  2.0
Throwing       | |  1.7
Dodging        | |  2.6

Action                   || total
-------------------------++-------
Melee: Flail             ||    43
Armor: Ring mail         ||    15
       Leather armour    ||     4
Dodge: Dodged            ||    23

Table legend: (Time is in decaauts)
 A = Elapsed time spent in this place.
 B = Non-inter-level travel time spent in this place.
 C = Inter-level travel time spent in this place.
 D = Time resting spent in this place.
 E = Time spent auto-exploring this place.
 F = Levels seen in this place.
 G = Mean time per level.
                   A        B        C        D        E       F      G
               +--------+--------+--------+--------+--------+-----+--------+
         Total |    933 |    904 |     29 |    100 |    625 |   2 |  466.5 |
       Dungeon |    933 |    904 |     29 |    100 |    625 |   2 |  466.5 |
               +--------+--------+--------+--------+--------+-----+--------+

Top non-repeatable levels by time:
     D:1: 868 daAuts
     D:2: 65 daAuts
